 Dungeon Crawl Stone Soup version 0.20.1-1-g8b1a95d (webtiles) character file.

506 renl the Ruffian (level 7, -4/56 HPs)
             Began as a Ghoul Gladiator on July 10, 2017.
             Slain by Pikel
             ... wielding a +2 whip of electrocution
              (9 damage)
             ... on level 3 of the Dungeon.
             The game lasted 00:15:59 (3014 turns).

renl the Ruffian (Ghoul Gladiator)                  Turns: 3014, Time: 00:15:59

Health: -4/56      AC:  8    Str: 18    XL:     7   Next: 18%
Magic:  6/6        EV: 11    Int:  3    God:
Gold:   184        SH:  0    Dex: 17    Spells: 6/6 levels left

rFire    . . .     SeeInvis .     - Unarmed
rCold    + . .     Gourm    .   (no shield)
rNeg     + + +     Faith    .   q - +0 scale mail {rPois}
rPois    ∞         Spirit   .   b - +1 helmet
rElec    .         Reflect  .   (no cloak)
rCorr    .         Harm     .   (no gloves)
MR       .....                  (no boots)
Stlth    ..........             (no amulet)
Regen    0.0/turn               g - +5 ring of dexterity
MPRegen  0.1/turn               (no ring)

@: rotting
A: rotting body, claws 1, carnivore 3, cold resistance 1, negative energy
resistance 3, inhibited regeneration, torment resistance, unbreathing
a: no special abilities


You were on level 3 of the Dungeon.
You were not hungry.

You visited 1 branch of the dungeon, and saw 4 of its levels.
You also visited: Sewer.

You collected 184 gold pieces.

Inventory:

Missiles
 c - 3 throwing nets (quivered)
Armour
 b - a +1 helmet (worn)
 q - a +0 scale mail of poison resistance (worn)
Jewellery
 g - a +5 ring of dexterity (left claw)
Scrolls
 a - a scroll of random uselessness {unknown}
 k - a scroll of remove curse
 m - a scroll of amnesia {unknown}
 n - a scroll of recharging {unknown}
Potions
 e - a potion of haste {unknown}
 f - a potion of ambrosia {unknown}
 i - 2 potions of heal wounds {unknown}
 j - 3 potions of flight {unknown}
 l - a potion of cancellation {unknown}
 o - a potion of resistance {unknown}
Comestibles
 d - 3 meat rations


   Skills:
 + Level 2.5 Fighting
 - Level 1.7 Throwing
 + Level 2.0 Armour
 + Level 3.7 Dodging
 * Level 7.4 Unarmed Combat


You had 6 spell levels left.
You didn't know any spells.

Dungeon Overview and Level Annotations

Branches:
Dungeon (4/15)
 Temple: D:4-7

Altars:
Dithmenos
Makhleb
Sif Muna

Annotations:
D:3 Pikel
D:4 chaoswolf's ghost, amateur DsBe


Innate Abilities, Weirdness & Mutations

Your body is rotting away.
You thrive on raw meat.
You are immune to poison.
You have sharp fingernails.
You are carnivorous and can eat meat at any time.
Your flesh is cold resistant. (rC+)
You are immune to negative energy. (rN+++)
You do not regenerate when monsters are visible.
You are immune to unholy pain and torment.
You can survive without breathing.


Message History

Pikel is moderately wounded.
Pikel hits you but does no damage.
You barely miss Pikel.
Pikel is moderately wounded.
Pikel zaps a wand.
The bolt of lightning hits you!
* * * LOW HITPOINT WARNING * * *
You scratch Pikel.
Pikel is heavily wounded.
Pikel completely misses you.
You miss Pikel.
Pikel is heavily wounded.
Pikel misses you.
You barely miss Pikel.
Pikel is heavily wounded.
You claw Pikel!
Pikel is severely wounded.
Pikel hits you with a whip of electrocution.
* * * LOW HITPOINT WARNING * * *
You are electrocuted!
You die...

###..............##.......####...
.#..........##....#....>..####...
.............###..........##.....
#............###..........##.#...
#............##..#........#..#...
##.>........#...###.......#.#####
##....#...#(.####..#....).......
######.####..#####.###...........
.##.........###.@K.....#..##.....
.......#######..##.#####..##.....
..(##### ####.##..# #..##.....
#..########....##.## ###..##.....
........##..#####.####....#######
....!......## #.#....##<#
........#### #.#.####..#
..........# ##.#.# #.##
.......##.######....# ##)#


You could see Pikel.

Vanquished Creatures
  Sigmund (D:4)
  A slave (D:3)
  A big kobold (Sewer)
  A worker ant (D:4)
  9 gnolls
  5 adders
  2 river rats (Sewer)
  3 leopard geckos
  An orc (D:3)
  6 bats
  3 giant cockroaches
  4 goblins
  11 hobgoblins
  5 jackals
  22 kobolds
  5 quokkas
  2 ball pythons (D:1)
  3 frilled lizards (D:1)
  A jackal skeleton (D:4)
  A quokka skeleton (D:4)
  11 rats
98 creatures vanquished.

Vanquished Creatures (others)
  2 plants (D:2)
2 creatures vanquished.

Grand Total: 100 creatures vanquished

Notes
Turn   | Place    | Note
-------+----------+-------------------------------------------
     0 | D:1      | renl the Ghoul Gladiator began the quest for the Orb.
     0 | D:1      | Reached XP level 1. HP: 17/17 MP: 0/0
   169 | D:1      | Reached XP level 2. HP: 15/24 MP: 1/1
   581 | D:1      | Reached skill level 4 in Unarmed Combat
   623 | D:1      | Reached XP level 3. HP: 22/29 MP: 2/2
  1046 | D:2      | Reached XP level 4. HP: 25/37 MP: 3/3
  1140 | D:2      | Reached skill level 1 in Armour
  1649 | D:2      | Reached skill level 5 in Unarmed Combat
  1848 | D:3      | Reached XP level 5. HP: 39/42 MP: 4/4
  1878 | D:3      | Found a glowing drain.
  1890 | Sewer    | Entered a sewer
  1980 | Sewer    | Noticed a big kobold
  1989 | Sewer    | Killed a big kobold
  1989 | Sewer    | Reached skill level 6 in Unarmed Combat
  1989 | Sewer    | Reached XP level 6. HP: 50/50 MP: 5/5
  2017 | Sewer    | Found a white marble altar of Elyvilon.
  2619 | D:4      | Noticed Sigmund
  2632 | D:4      | Killed Sigmund
  2632 | D:4      | Reached skill level 7 in Unarmed Combat
  2632 | D:4      | Reached XP level 7. HP: 50/56 MP: 6/6
  2909 | D:4      | Found a deep blue altar of Sif Muna.
  2914 | D:4      | Found a shadowy altar of Dithmenos.
  2914 | D:4      | Found a burning altar of Makhleb.
  2969 | D:4      | Noticed Pikel
  2973 | D:4      | Noticed chaoswolf's ghost (amateur DsBe)
  3014 | D:3      | Slain by Pikel

Skill      XL: |  1  2  3  4  5  6 |
---------------+-------------------+-----
Unarmed Combat | 4 5 6 7 |  7.4
Dodging        | 3 |  3.7
Armour         | 1 2 |  2.0
Fighting       | |  2.5
Throwing       | |  1.7

Action                   |  1- 3 |  4- 6 |  7- 9 || total
-------------------------+-------+-------+-------++-------
Melee: Unarmed           |   112 |   156 |    37 ||   305
       Punch             |     1 |     4 |     3 ||     8
  Use: Scroll            |       |     8 |       ||     8
 Stab: Sleeping          |     1 |       |       ||     1
  Eat: Chunk             |    11 |    22 |     5 ||    38
Armor: Leather armour    |    17 |    14 |       ||    31
       Robe              |       |     3 |       ||     3
       Ring mail         |       |    31 |       ||    31
       Scale mail        |       |       |    10 ||    10
Dodge: Dodged            |    66 |   108 |    15 ||   189
